 Dungeon Crawl Stone Soup version 0.26.1-2-gb8aa6d0cf2 (webtiles) character file.

Game seed: 13496962294565087390

336 CryoSword the Bolt Thrower (level 6, -1/47 HPs)
             Began as a Formicid Arcane Marksman on Feb 11, 2021.
             Was an Initiate of Yredelemnul.
             Slain by a killer bee (2 damage)
             ... on level 5 of the Dungeon.
             The game lasted 00:25:31 (5888 turns).

CryoSword the Bolt Thrower (FoAM)                   Turns: 5888, Time: 00:25:31

Health: -1/47      AC:  9    Str: 16      XL:     6   Next: 84%
Magic:  7/7        EV: 11    Int: 11 (12) God:    Yredelemnul [......]
Gold:   21         SH:  0    Dex: 10      Spells: 4/7 levels left

rFire    + . .     SeeInvis +   a - +1 hand crossbow
rCold    . . .     Faith    .   (no shield)
rNeg     . . .     Spirit   .   n - +0 ring mail of Thoughtfulness {rPois} (curse)
rPois    +         Reflect  .   (helmet unavailable)
rElec    .         Harm     .   r - +0 cloak (curse)
rCorr    +         Rampage  +   (no gloves)
Will     .....                  o - +2 pair of boots "Feinaite" {Rampage rF+ rCorr Dex-2}
Stlth    ..........             (no amulet)
HPRegen  0.15/turn              l - -4 ring of slaying (curse)
MPRegen  0.10/turn              u - ring of wizardry

@: no status effects
A: permanent stasis, dig shafts and tunnels, four strong arms, antennae 3
a: Dig, Shaft Self, Renounce Religion


You were on level 5 of the Dungeon.
You worshipped Yredelemnul.
Yredelemnul was noncommittal.
You visited 1 branch of the dungeon, and saw 7 of its levels.

You collected 151 gold pieces.
You spent 130 gold pieces at shops.

Inventory:

Hand Weapons
 a - a +1 hand crossbow (weapon)
 b - a +2 dagger of electrocution
   (You found it on level 3 of the Dungeon)
Missiles
 d - 12 bolts (quivered ammo)
 i - 4 curare-tipped darts
 j - 20 poisoned darts
Armour
 g - a +1 leather armour of poison resistance
   (You found it on level 1 of the Dungeon)
 n - the cursed +0 ring mail of Thoughtfulness (worn) {rPois}
   (You found it on level 4 of the Dungeon)

   It protects you from poison.
   It has a curse placed upon it.
 o - the +2 pair of boots "Feinaite" (worn) {Rampage rF+ rCorr Dex-2}
   (You found it on level 4 of the Dungeon)

   It affects your dexterity (-2).
   It protects you from fire.
   It provides partial protection from all sources of acid and corrosion.
   It bestows one free step when moving towards enemies.
 r - a cursed +0 cloak (worn)
   (You found it on level 4 of the Dungeon)
Jewellery
 c - an uncursed ring of ice
   (You found it on level 1 of the Dungeon)
 l - a cursed -4 ring of slaying (left hand)
   (You found it on level 2 of the Dungeon)
 u - a ring of wizardry (right hand)
   (You bought it in a shop on level 7 of the Dungeon)
Scrolls
 e - 4 scrolls of fog
 m - 3 scrolls of amnesia
 p - a scroll of enchant weapon
 s - a scroll of magic mapping {unknown}
Potions
 f - 3 potions of invisibility
 h - a potion of resistance
 k - a potion of curing {unknown}
 q - a potion of lignification {unknown}
 t - a potion of berserk rage {unknown}


   Skills:
 + Level 3.6 Fighting
 * Level 5.1 Crossbows
 + Level 0.0 Armour
 - Level 1.7 Dodging
 - Level 1.1 Spellcasting
 - Level 5.0 Hexes


You had 4 spell levels left.
You knew the following spells:

 Your Spells              Type           Power        Failure   Level
a - Corona                Hex            12%          3%          1
b - Slow                  Hex            11%          4%          2

Your spell library contained the following spells:

 Spells                   Type           Power        Failure   Level
 Inner Flame              Hex/Fire       6%           26%         3
 Portal Projectile        Hex/Tloc       12%          26%         3
 Cause Fear               Hex            5%           30%         4
 Leda's Liquefaction      Hex/Erth       3%           61%         4


Dungeon Overview and Level Annotations

Branches:
Dungeon (7/15)
 Temple: D:4-7

Altars:
Cheibriados
Gozag
Kikubaaqudgha
Makhleb
Qazlal
Xom
Yredelemnul
The Shining One

Shops:
D:7 *(

Annotations:
D:4 Blork the orc
D:7 Joseph, Prince Ribbit


Innate Abilities, Weirdness & Mutations

You cannot be hasted, slowed, berserked, paralysed or teleported.
You can dig through walls and to a lower floor.
Your four strong arms can wield two-handed weapons with a shield.
You have a pair of large antennae on your head. (SInv)


Message History

Joseph shoots a sling bullet.
The sling bullet barely misses you.
You see here a sling bullet.
Joseph shouts, "At last, some action!"
Joseph shoots a sling bullet.
The sling bullet hits you but does no damage.
You see here a sling bullet.
Found a stone staircase leading down.
Found a stone staircase leading up.
There is a stone staircase leading down here.
A leopard gecko comes into view.
The leopard gecko hisses angrily.
Found a stone staircase leading up.
You rampage towards the leopard gecko!
The leopard gecko bites you but does no damage.
Really attack while wielding your +1 hand crossbow? [Y]es or [N]o only, please.
Really attack while wielding your +1 hand crossbow? [Y]es or [N]o only, please.
Really attack while wielding your +1 hand crossbow? [Y]es or [N]o only, please.
Really attack while wielding your +1 hand crossbow?
Okay, then.
The leopard gecko misses you.
Found 2 scrolls of teleportation.
The leopard gecko closely misses you.
There is a stone staircase leading up here.
The leopard gecko bites you.
You climb upwards.
The orc shouts!
The killer bee buzzes angrily. x3
The leopard gecko hisses angrily.
The orc warrior shouts!
The orc shouts! x2
A worker ant comes into view.
You hear a shout!
Found 22 arrows and a sapphire potion.
There is a stone staircase leading down here.
The leopard gecko bites you but does no damage.
You climb downwards.
Level annotation: Joseph
There is a stone staircase leading up here.
You hear the crackle of electricity.
b - a +2 dagger of electrocution (weapon)
The leopard gecko bites you.
You closely miss the leopard gecko. The leopard gecko barely misses you.
You barely miss the leopard gecko. The leopard gecko misses you.
You hit the leopard gecko but do no damage.
Lightning courses through the leopard gecko!!
You kill the leopard gecko!
Yredelemnul accepts your kill.
There is a stone staircase leading up here.
You climb upwards.
Found 26 sling bullets.
There is a stone staircase leading down here.
You climb downwards.
Level annotation: Joseph
There is a stone staircase leading up here.
There is a stone staircase leading up here.
Prince Ribbit comes into view.
Prince Ribbit croaks.
Prince Ribbit croaks regally.
You hit Prince Ribbit. Prince Ribbit hits you.
You miss Prince Ribbit. Prince Ribbit closely misses you.
Prince Ribbit hits you!
You hit Prince Ribbit. Prince Ribbit closely misses you.
Prince Ribbit completely misses you. Prince Ribbit misses you.
There is a stone staircase leading up here.
Prince Ribbit blinks!
Joseph shouts!
Joseph shoots a sling bullet.
The sling bullet closely misses you.
There is a stone staircase leading up here.
Joseph shoots a sling bullet.
The sling bullet hits you.
You climb upwards.
The orc warrior shouts!
The killer bee stings you but does no damage.
The killer bee barely misses you.
There is a stone staircase leading down here.
A centaur and a skeleton come into view.
The centaur shouts!
The centaur wields a +0 shortbow.
The centaur shoots an arrow.
The arrow hits you.
The killer bee stings you but does no damage.
Found a stone staircase leading up.
You see here an arrow.
The centaur shoots an arrow.
The arrow barely misses you.
The arrow closely misses the killer bee.
The arrow completely misses the killer bee.
The killer bee stings you but does no damage.
The killer bee barely misses you.
You rampage towards the centaur skeleton!
The centaur shoots an arrow.
The arrow hits you!
The centaur skeleton hits you but does no damage.
The killer bee stings you but does no damage.
You see here an arrow.
The centaur unwields a +0 shortbow.
The centaur misses you.
The centaur skeleton hits you but does no damage.
The centaur wields a +0 shortbow.
The centaur shoots an arrow.
The arrow barely misses you. The centaur skeleton barely misses you.
The killer bee stings you but does no damage.
Found 17 stones.
The killer bee closely misses you. The killer bee stings you.
* * * LOW HITPOINT WARNING * * *
The centaur unwields a +0 shortbow.
The centaur closely misses you. The killer bee barely misses you.
The killer bee stings you.
* * * LOW HITPOINT WARNING * * *
The killer bee closely misses you. The killer bee completely misses you.
The killer bee stings you.
* * * LOW HITPOINT WARNING * * *
There is a stone staircase leading up here.
The killer bee stings you.
* * * LOW HITPOINT WARNING * * *
The killer bee misses you. x2
The killer bee stings you but does no damage.
The killer bee stings you.
* * * LOW HITPOINT WARNING * * *
The killer bee stings you.
* * * LOW HITPOINT WARNING * * *
The centaur closely misses you.
You climb upwards.
Found a glowing wooden wand.
There is a stone staircase leading down here.
Your +2 dagger of electrocution stops crackling.
a - a +1 hand crossbow (weapon)
The killer bee barely misses you.
Fire: 16 bolts
Aim: a killer bee (29% to hit)
You shoot a bolt. The bolt misses the killer bee.
The bolt hits the killer bee.
The killer bee misses you.
Fire: 15 bolts
Aim: a killer bee (29% to hit)
You shoot a bolt. The bolt barely misses the killer bee.
The bolt hits the killer bee.
The killer bee stings you.
* * * LOW HITPOINT WARNING * * *
The killer bee completely misses you.
Fire: 14 bolts
Aim: a killer bee (lightly wounded, 29% to hit)
You shoot a bolt. The bolt misses the killer bee.
The bolt hits the killer bee but does no damage.
The killer bee stings you!
* * * LOW HITPOINT WARNING * * *
The killer bee stings you but does no damage.
The killer bee stings you.
* * * LOW HITPOINT WARNING * * *
Fire: 13 bolts
Aim: a killer bee (29% to hit)
You shoot a bolt. The bolt barely misses the killer bee.
The bolt hits the killer bee but does no damage.
The killer bee barely misses you. The killer bee stings you.
You die...
Your body rises from the dead as a mindless zombie. ######### ....yyy@# #######+#

You could see 3 killer bees.

Vanquished Creatures
  A phantom (D:4)
  2 hounds
  An orc priest (D:4)
  A worker ant (D:4)
  3 adders (D:2)
  3 oozes
  2 worms (D:3)
  3 dart slugs
  4 leopard geckos
  4 orcs
  4 giant cockroaches
  6 goblins
  5 hobgoblins (D:1)
  11 jackals
  A quokka (D:7)
  A ball python (D:3)
  7 bats
  5 frilled lizards
  A jackal zombie (D:3)
  7 kobolds
  5 rats
77 creatures vanquished.

Notes
Turn   | Place    | Note
-------+----------+-------------------------------------------
     0 | D:1      | CryoSword the Formicid Arcane Marksman began the quest for
                  | the Orb.
     0 | D:1      | Reached XP level 1. HP: 15/15 MP: 2/2
   116 | D:1      | Reached XP level 2. HP: 21/21 MP: 3/3
   744 | D:1      | Reached XP level 3. HP: 27/27 MP: 4/4
  1314 | D:1      | Learned a level 2 spell: Slow
  1504 | D:2      | Reached XP level 4. HP: 33/33 MP: 5/5
  3018 | D:2      | Found a glowing golden altar of the Shining One.
  3027 | D:2      | Found a basalt altar of Yredelemnul.
  3027 | D:2      | Found a shimmering altar of Xom.
  3029 | D:2      | Found a burning altar of Makhleb.
  3031 | D:2      | Reached XP level 5. HP: 39/39 MP: 6/6
  3031 | D:2      | Found an ancient bone altar of Kikubaaqudgha.
  3032 | D:2      | Found a snail-covered altar of Cheibriados.
  3033 | D:2      | Found a stormy altar of Qazlal.
  3047 | D:2      | Became a worshipper of Yredelemnul the Dark
  3759 | D:3      | Found an opulent altar of Gozag.
  4696 | D:4      | Got a warped ring mail
  4704 | D:4      | Got a pair of ichor-stained boots
  4710 | D:4      | Identified the +2 pair of boots "Feinaite" {Rampage rF+
                  | rCorr Dex-2} (You found it on level 4 of the Dungeon)
  4720 | D:4      | Identified the cursed +0 ring mail of Thoughtfulness
                  | {rPois} (You found it on level 4 of the Dungeon)
  4970 | D:4      | Noticed Blork the orc
  5144 | D:4      | Noticed a phantom
  5225 | D:4      | Killed a phantom
  5226 | D:4      | Reached skill level 5 in Hexes
  5226 | D:4      | Reached XP level 6. HP: 39/47 MP: 7/7
  5411 | D:4      | You fall into a shaft and drop 3 floors!
  5502 | D:7      | Reached skill level 5 in Crossbows
  5615 | D:7      | Found Netzas's Assorted Antiques.
  5619 | D:7      | Bought a notched pearl ring for 130 gold pieces
  5645 | D:7      | Found Heguosuocs's Antique Weapon Shoppe.
  5705 | D:7      | Noticed Joseph
  5835 | D:6      | Noticed an orc warrior
  5859 | D:7      | Noticed Prince Ribbit
  5883 | D:5      | Entered Level 5 of the Dungeon
  5887 | D:5      | HP: 1/47 [killer bee (2)]
  5888 | D:5      | Slain by a killer bee

Illustrated notes

Levels and vault maps discovered:
D:1:      ncdulo_smallfort, layout_loops_ring
D:2:      layout_basic, minitemple, kennysheep_another_room,
          nrook_mini_backslash
D:3:      layout_basic, old_standard_altar, kennysheep_generic_room_9
D:4:      layout_basic, uniq_blork_the_orc
D:5:      layout_basic, nicolae_dithmenos_the_darkroom, basic_altar,
          yredelemnul_altar_generic, uniq_eustachio, uniq_grinder, uniq_menkaure
D:6:      cheibrodos_steamvent, layout_rooms, kennysheep_diamond,
          minmay_misc_feat_alley, minmay_crystal_water, due_unseen_surprise
D:7:      layout_loops_ring, minmay_temple_entry_trees, serial_shops,
          nicolae_shop_window_shopping, nicolae_shop_window_shopping, shop,
          kennysheep_mini_moat, kennysheep_mini, basic_altar, uniq_joseph,
          uniq_prince_ribbit1

Skill      XL: |  1  2  3  4  5  6 |
---------------+-------------------+-----
Hexes          | 4 5 |  5.0
Crossbows      | 3 4 5 |  5.1
Fighting       | 2 3 |  3.6
Dodging        | |  1.7
Spellcasting   | |  1.1

Action                   |  1- 3 |  4- 6 || total
-------------------------+-------+-------++-------
Melee: Dagger            |    51 |   113 ||   164
       Spear             |    26 |       ||    26
       Whip              |    13 |   111 ||   124
 Fire: Hand crossbow     |    38 |    55 ||    93
Throw: Dart              |       |    13 ||    13
 Cast: Slow              |       |     4 ||     4
       Corona            |       |     3 ||     3
 Abil: Dig               |     1 |       ||     1
  Use: Scroll            |     2 |     5 ||     7
       Potion            |       |     2 ||     2
Armor: Ring mail         |    29 |    48 ||    77
       Robe              |     1 |       ||     1
       Leather armour    |     5 |    47 ||    52
Dodge: Dodged            |    67 |   183 ||   250
